 Dungeon Crawl Stone Soup version 0.19.0 (webtiles) character file.

32285 Krathar the Fighter (level 13, -14/113 HPs)
             Began as a Green Draconian Conjurer on Nov 21, 2016.
             Was an Elder of Vehumet.
             Demolished by Rupert
             ... wielding a +1 battleaxe of venom
              (48 damage)
             ... on level 5 of the Lair of Beasts on Nov 23, 2016.
             The game lasted 01:41:29 (19518 turns).

Krathar the Fighter (Green Draconian Conjurer)     Turns: 19518, Time: 01:41:30

Health: -14/113    AC: 17    Str: 11    XL:     13   Next: 30%
Magic:  23/25      EV: 16    Int: 20    God:    Vehumet [****..]
Gold:   735        SH:  5    Dex: 12    Spells: 5 memorised, 12 levels left

rFire  . . .     SeeInvis .     B - +9 staff of Olgreb {rPois}
rCold  . . .     Gourm    .     (armour unavailable)
rNeg   . . .     Faith    .     U - +0 buckler
rPois  ∞         Spirit   .     (helmet restricted)
rElec  .         Reflect  .     G - +0 cloak
rCorr  .         Harm     +     A - +2 pair of gloves
MR     .....                    M - +2 pair of boots
Stlth  ++++......               t - amulet of harm
                                Q - ring of Mirth {Slay+1 Stlth+}
                                J - +2 ring of protection

@: short of breath
A: breathe noxious fumes, unfitting armour, poison resistance, cold-blooded, AC
+8
a: Breathe Noxious Fumes, Renounce Religion


You were on level 5 of the Lair of Beasts.
You worshipped Vehumet.
Vehumet was greatly pleased with you.
You were hungry.

You visited 3 branches of the dungeon, and saw 15 of its levels.
You also visited: Sewer.

You collected 735 gold pieces.

Inventory:

Hand Weapons
 l - a +7 double sword
 B - the +9 staff of Olgreb (weapon) {rPois}
   (You found it on level 6 of the Dungeon)

   It protects you from poison.
Armour
 m - a +0 pair of gloves
 A - a +2 pair of gloves (worn)
 G - a +0 cloak (worn)
 M - a +2 pair of boots (worn)
 U - a +0 buckler (worn)
Jewellery
 d - a +5 ring of strength
 f - an uncursed ring of positive energy
 t - an amulet of harm (around neck)
 z - a +2 ring of dexterity
 I - an uncursed ring of protection from fire
 J - a +2 ring of protection (left hand)
 P - an uncursed ring of protection from cold
 Q - the ring of Mirth (right hand) {Slay+1 Stlth+}
   (You found it on level 2 of the Lair of Beasts)

   [ring of slaying]

   It affects your accuracy and damage with ranged weapons and melee attacks
   (+1).
   It makes you more stealthy.
 T - an uncursed amulet of the gourmand
 V - an uncursed amulet of guardian spirit {unknown}
Wands
 N - a wand of lightning (4/15)
Scrolls
 c - 4 scrolls of remove curse
 h - a scroll of amnesia {unknown}
 i - 3 scrolls of enchant weapon
 k - a scroll of acquirement {unknown}
 D - a scroll of recharging {unknown}
 O - 2 scrolls of fear {unknown}
Potions
 e - 8 potions of flight
 n - 6 potions of curing
 p - a potion of haste
 q - 2 potions of agility
 r - 6 potions of lignification
 s - 2 potions of ambrosia
 u - 4 potions of magic
 v - 6 potions of heal wounds
 w - 2 potions of brilliance
 x - 2 potions of might {unknown}
 C - a potion of cure mutation {unknown}
 E - a potion of mutation {unknown}
 F - a potion of cancellation {unknown}
Books
 a - a book of Conjurations

   Spells                             Type                      Level
   a - Magic Dart                     Conjuration                  1
   b - Searing Ray                    Conjuration                  2
   c - Dazzling Spray                 Conjuration/Hexes            3
   d - Fulminant Prism                Conjuration/Hexes            4
   e - Iskenderun's Mystic Blast      Conjuration                  4
   f - Iskenderun's Battlesphere      Conjuration/Charms           5
 L - a book of Debilitation

   Spells                             Type                      Level
   a - Corona                         Hexes                        1
   b - Slow                           Hexes                        2
   c - Gell's Gravitas                Hexes/Translocation          3
   d - Inner Flame                    Hexes/Fire                   3
   e - Cause Fear                     Hexes                        4
   f - Leda's Liquefaction            Hexes/Earth                  4
 R - a book of Air

   Spells                             Type                      Level
   a - Shock                          Conjuration/Air              1
   b - Swiftness                      Charms/Air                   2
   c - Repel Missiles                 Charms/Air                   2
   d - Static Discharge               Conjuration/Air              3
   e - Lightning Bolt                 Conjuration/Air              5
 S - a book of Unlife

   Spells                             Type                      Level
   a - Recall                         Summoning/Translocation      3
   b - Animate Dead                   Necromancy                   4
   c - Control Undead                 Necromancy                   4
   d - Cigotuvi's Embrace             Necromancy                   5
   e - Death Channel                  Necromancy                   6
   f - Simulacrum                     Ice/Necromancy               6
Comestibles
 b - 8 bread rations
 g - 5 beef jerkies
 j - 6 fruits
 H - 3 meat rations


   Skills:
 - Level 10.1 Fighting
 - Level 8.3 Dodging
 - Level 6.1 Stealth
 - Level 6.0 Shields
 + Level 8.1 Spellcasting
 + Level 9.6 Conjurations
 + Level 6.1 Hexes
 + Level 8.5 Charms
 - Level 1.6 Translocations
 - Level 4.0 Evocations


You had 12 spell levels left.
You knew the following spells:

 Your Spells              Type           Power        Failure   Level  Hunger
a - Magic Dart            Conj           ####         1%          1    None
c - Force Lance           Conj/Tloc      ####....     2%          4    ###....
d - Fulminant Prism       Conj/Hex       #####.....   1%          4    ###....
s - Iskenderun's Battles  Conj/Chrm      #####...     2%          5    #####..
x - Searing Ray           Conj           #####.       1%          2    None


Dungeon Overview and Level Annotations

Branches:
Dungeon (9/15)             Temple (1/1) D:4            Lair (5/6) D:9
  Swamp (0/4) Lair:4        Snake (0/4) Lair:2
  Slime: Lair:5-6       Orc: D:9-12

Altars:
Ashenzari
Cheibriados
Dithmenos
Elyvilon
Fedhas
Gozag
Hepliaklqana
Kikubaaqudgha
Makhleb
Nemelex Xobeh
Okawaru
Qazlal
Ru
Sif Muna
Trog
Uskayaw
Vehumet
Xom
Yredelemnul
Zin
The Shining One

Annotations:
Lair:5 Rupert


Innate Abilities, Weirdness & Mutations

You can breathe blasts of noxious fumes.
Your lurid green scales are hard. (AC +8)
You cannot fit into any form of body armour.
Your system is resistant to poisons. (rPois)
You are cold-blooded and may be slowed by cold attacks.


Message History

You're too confused to move!
Rupert roars madly and goes into a rage!
Rupert goes berserk!
Rupert completely misses you. Rupert completely misses you.
You closely miss Rupert.
Rupert is moderately wounded.
You feel less confused.
Rupert hits you with a battleaxe of venom!!
Rupert barely misses you.
Rupert hits you with a battleaxe of venom!
* * * LOW HITPOINT WARNING * * *
Press: ? - help, Shift-Dir - straight line, f - Rupert
Aim: Rupert, wielding a battleaxe of venom and wearing a glowing leather armour (moderately wounded, berserk, fast, unusually strong)
You exhale a blast of noxious fumes.
The blast of choking fumes misses Rupert.
You are feeling hungry.
Rupert is engulfed in noxious fumes.
Rupert hits you with a battleaxe of venom!!!
You die...

#..............#...............
##....##P...#.P.P..............
#...####P.........>.........#.
#...#.###............)<......8
##....## ###P...#..............
#.#...# ##..##..............8
####..# ##....#.............##
#..####....................#
##..##.#§§§@@...............#
#.#.#.#......##..............
#.#..........#.#.............
##............#..............
##............#.#............
#.#.P#..#....####............
##...####.....##..#......P##.
###..#.###........####....###.
#....####...................##


You could see Rupert (berserk).

Vanquished Creatures
  A catoblepas (Lair:5)
  4 hydras
  Urug (Lair:5)
  Nergalle (Lair:2)
  A hill giant (D:7)
  A lindwurm (Lair:1)
  An ugly thing (D:9)
  5 black mambas
  11 elephants
  5 spiny frogs
  11 komodo dragons
  The ghost of wazzy the Digger, a novice GrEE (D:5)
  3 polar bears
  3 hippogriffs
  12 blink frogs
  The ghost of alcopop the Caller, an amateur OpSu (Sewer)
  2 spriggans
  4 wyverns
  33 yaks
  A hungry ghost (D:7)
  A basilisk (Lair:2)
  Edmund (D:6)
  3 nagas (Lair:2)
  11 water moccasins
  12 porcupines
  2 ice beasts
  2 black bears
  A sky beast (D:8)
  13 wolves
  An ogre (D:8)
  3 phantoms
  A centaur (D:9)
  5 crocodiles
  A big kobold (D:9)
  9 bullfrogs
  9 killer bees
  2 scorpions (D:8)
  2 electric eels (Lair:4)
  3 howler monkeys
  4 crimson imps
  3 hounds
  2 orc priests
  2 bullfrog skeletons
  5 orc wizards
  3 worker ants
  3 iguanas
  A killer bee zombie (D:8)
  A worker ant zombie (D:8)
  6 gnolls
  11 adders
  2 river rats (Sewer)
  3 oozes
  An adder skeleton (D:9)
  2 adder zombies
  3 worms
  4 dart slugs
  6 leopard geckos
  20 orcs
  8 bats
  9 giant cockroaches
  5 goblins
  12 hobgoblins
  5 jackals
  2 quokkas
  8 ball pythons
  8 frilled lizards
  A jackal skeleton (D:6)
  25 kobolds
  A leopard gecko zombie (D:8)
  30 rats
  3 fungi
  A plant (Lair:4)
384 creatures vanquished.

Vanquished Creatures (others)
  10 fulminant prisms
  14 fungi
  2 plants (Lair:5)
26 creatures vanquished.

Grand Total: 410 creatures vanquished

Notes
Turn   | Place    | Note
-------+----------+-------------------------------------------
     0 | D:1      | Krathar the Draconian Conjurer began the quest for the Orb.
     0 | D:1      | Reached XP level 1. HP: 14/14 MP: 3/3
   279 | D:1      | Reached XP level 2. HP: 20/20 MP: 0/5
   283 | D:1      | Learned a level 2 spell: Searing Ray
   781 | D:1      | Reached skill level 5 in Conjurations
   781 | D:1      | Reached XP level 3. HP: 26/26 MP: 4/6
  1668 | D:2      | Reached XP level 4. HP: 22/33 MP: 1/7
  2432 | D:3      | Found a shimmering altar of Xom.
  2833 | D:4      | Noticed an ice beast
  2919 | D:4      | Found a staircase to the Ecumenical Temple.
  2928 | D:4      | Reached XP level 5. HP: 38/38 MP: 4/10
  2931 | Temple   | Entered the Ecumenical Temple
  3050 | Temple   | Became a worshipper of Vehumet
  3246 | D:4      | Killed an ice beast
  3246 | D:4      | Reached XP level 6. HP: 21/45 MP: 3/13
  3399 | D:4      | Found a glowing drain.
  3421 | Sewer    | Entered a sewer
  3462 | Sewer    | Noticed alcopop's ghost (amateur OpSu)
  3474 | Sewer    | Killed alcopop's ghost
  3474 | Sewer    | Reached skill level 5 in Spellcasting
  3901 | Sewer    | Reached * piety under Vehumet
  3901 | Sewer    | Offered knowledge of Sandblast by Vehumet.
  3995 | Sewer    | Your scales start taking on a lurid green colour.
  3995 | Sewer    | Reached XP level 7. HP: 50/50 MP: 8/16
  3995 | Sewer    | Gained mutation: Your system is resistant to poisons. (rPois) [Green Draconian growth]
  4948 | D:4      | Learned a level 5 spell: Iskenderun's Battlesphere
  4976 | D:5      | Entered Level 5 of the Dungeon
  4993 | D:5      | Offered knowledge of Throw Flame by Vehumet.
  4998 | D:5      | Found a shimmering altar of Xom.
  5009 | D:5      | Reached ** piety under Vehumet
  5529 | D:5      | Noticed wazzy's ghost (novice GrEE)
  5607 | D:5      | Killed wazzy's ghost
  5607 | D:5      | Reached XP level 8. HP: 49/57 MP: 5/17
  5784 | D:5      | Reached skill level 1 in Charms
  5804 | D:5      | Found a glowing silver altar of Zin.
  5804 | D:5      | Found a deep blue altar of Sif Muna.
  5809 | D:5      | Found a faded altar of an unknown god.
  5811 | D:5      | Found a shattered altar of Ashenzari.
  5812 | D:5      | Found a bloodstained altar of Trog.
  6610 | D:6      | Found an ancient bone altar of Kikubaaqudgha.
  6610 | D:6      | Found a hide-covered altar of Uskayaw.
  6688 | D:6      | Noticed Edmund
  6696 | D:6      | Killed Edmund
  6696 | D:6      | Reached skill level 1 in Evocations
  7070 | D:7      | Noticed a hill giant
  7098 | D:7      | Killed a hill giant
  7098 | D:7      | Reached skill level 5 in Charms
  7098 | D:7      | Reached XP level 9. HP: 62/62 MP: 7/18
  7406 | D:7      | Offered knowledge of Throw Frost by Vehumet.
  8230 | D:8      | Found a basalt altar of Yredelemnul.
  8417 | D:8      | Reached *** piety under Vehumet
  8955 | D:8      | Offered knowledge of Static Discharge by Vehumet.
  9209 | D:8      | Reached XP level 10. HP: 65/69 MP: 13/21
  9494 | D:9      | Found a staircase to the Lair.
  9871 | D:9      | Noticed a purple ugly thing
  9878 | D:9      | Killed a purple ugly thing
 10270 | Lair:1   | Entered Level 1 of the Lair of Beasts
 10646 | Lair:1   | Reached skill level 5 in Dodging
 10763 | Lair:1   | Found a dark tunnel.
 10763 | Lair:1   | Noticed a lindwurm
 10772 | Lair:1   | Killed a lindwurm
 10772 | Lair:1   | Reached **** piety under Vehumet
 10845 | Lair:1   | Found a frozen archway.
 11368 | Lair:1   | Offered knowledge of Force Lance by Vehumet.
 11368 | Lair:1   | Reached XP level 11. HP: 74/74 MP: 14/23
 11374 | Lair:1   | Learned a level 4 spell: Force Lance
 11703 | Lair:2   | Noticed Nergalle
 11722 | Lair:2   | Killed Nergalle
 11722 | Lair:2   | Reached skill level 1 in Translocations
 11791 | Lair:2   | Found a staircase to the Snake Pit.
 11806 | Lair:1   | Reached skill level 1 in Fighting
 11903 | Lair:2   | Reached skill level 2 in Fighting
 11910 | Lair:2   | Reached skill level 3 in Fighting
 12156 | Lair:2   | Reached skill level 4 in Fighting
 12179 | Lair:2   | Reached skill level 5 in Fighting
 12396 | Lair:2   | Got a sparkling ivory ring
 12508 | Lair:2   | Identified the ring of Mirth {Slay+1 Stlth+} (You found it on level 2 of the Lair of Beasts)
 12522 | Lair:2   | Noticed a six-headed hydra
 12528 | Lair:2   | Killed a six-headed hydra
 12528 | Lair:2   | Reached skill level 6 in Fighting
 12570 | Lair:2   | Reached skill level 7 in Fighting
 12995 | Lair:2   | Reached skill level 8 in Fighting
 13675 | Lair:3   | Reached skill level 9 in Fighting
 14031 | Lair:3   | Reached skill level 10 in Fighting
 14074 | Lair:3   | Reached XP level 12. HP: 106/106 MP: 20/24
 14398 | Lair:3   | Noticed a seven-headed hydra
 14403 | Lair:3   | Killed a seven-headed hydra
 14836 | Lair:4   | Noticed a four-headed hydra
 14984 | Lair:3   | Learned a level 4 spell: Fulminant Prism
 15109 | Lair:4   | Reached skill level 1 in Hexes
 15778 | Lair:4   | Reached skill level 5 in Stealth
 15890 | Lair:4   | Killed a four-headed hydra
 16124 | Lair:4   | Found a staircase to the Swamp.
 16261 | Lair:4   | Reached ***** piety under Vehumet
 16383 | Lair:4   | Offered knowledge of Delayed Fireball by Vehumet.
 16391 | Lair:4   | Reached skill level 5 in Hexes
 17067 | Lair:5   | Reached skill level 1 in Shields
 17338 | Lair:5   | Noticed Urug
 17358 | Lair:5   | Killed Urug
 17683 | Lair:5   | Reached XP level 13. HP: 113/113 MP: 21/25
 17974 | Lair:5   | Noticed Rupert
 18828 | Lair:5   | Reached skill level 5 in Shields
 19469 | Lair:5   | Paralysed by Rupert for 7 turns
 19497 | Lair:5   | Paralysed by Rupert for 6 turns
 19518 | Lair:5   | Demolished by Rupert

Skill      XL: |  1  2  3  4  5  6  7  8  9 10 11 12 13 |
---------------+----------------------------------------+-----
Conjurations   | 5 8 9 |  9.6
Spellcasting   | 3 4 6 7 8 |  8.1
Charms         | 5 8 |  8.5
Evocations     | 2 4 |  4.0
Dodging        | 7 8 |  8.3
Translocations | 1 |  1.6
Fighting       | 10 | 10.1
Stealth        | 6 |  6.1
Hexes          | 6 |  6.1
Shields        | 3 6 |  6.0

Action                   |  1- 3 |  4- 6 |  7- 9 | 10-12 | 13-15 || total
-------------------------+-------+-------+-------+-------+-------++-------
Melee: Unarmed           |    43 |       |       |       |       ||    43
       Spear             |    15 |    28 |       |       |       ||    43
       Tailslap          |     5 |     4 |     1 |     7 |     5 ||    22
       Staff             |       |       |    17 |    76 |    28 ||   121
 Cast: Magic Dart        |    65 |    94 |   187 |   191 |    24 ||   561
       Searing Ray       |     3 |    13 |    64 |   108 |    15 ||   203
       Iskenderun's Batt |       |       |     3 |    37 |     5 ||    45
       Force Lance       |       |       |       |    16 |     7 ||    23
       Fulminant Prism   |       |       |       |     5 |     7 ||    12
 Abil: Breathe Noxious F |       |       |     2 |       |     4 ||     6
Evoke: Staff of Olgreb   |       |       |     2 |       |     2 ||     4
  Use: Scroll            |       |       |       |    21 |     1 ||    22
       Potion            |       |       |       |       |     1 ||     1
 Stab: Distracted        |       |       |     1 |       |       ||     1
  Eat: Chunk             |     4 |     8 |    14 |    23 |     8 ||    57
       Fruit             |       |       |     2 |     2 |       ||     4
       Bread ration      |       |       |       |     3 |       ||     3
Armor: Skin              |    11 |    14 |    34 |    97 |    34 ||   190
Dodge: Dodged            |    38 |    35 |    51 |   230 |    85 ||   439
Block: Buckler           |       |       |       |       |    19 ||    19
